 Dungeon Crawl Stone Soup version 0.19.1 (webtiles) character file.

142 Nihil the Cudgeler (level 5, -3/53 HPs)
             Began as a Troll Berserker on Dec 2, 2016.
             Was a Believer of Trog.
             Slain by an orc
             ... wielding a +1 whip of electrocution
              (9 damage)
             ... on level 3 of the Dungeon.
             The game lasted 00:05:02 (1275 turns).

Nihil the Cudgeler (Troll Berserker)                Turns: 1275, Time: 00:05:03

Health: -3/53      AC:  5    Str: 26    XL:     5   Next: 4%
Magic:  4/4        EV: 10    Int:  3    God:    Trog [**....]
Gold:   144        SH:  0    Dex:  9    Spells: 0 memorised, 4 levels left

rFire  . . .     SeeInvis .     a - +0 mace
rCold  . . .     Gourm    +     b - +0 animal skin
rNeg   . . .     Faith    .     (no shield)
rPois  .         Spirit   .     (helmet restricted)
rElec  .         Reflect  .     (no cloak)
rCorr  .         Harm     .     (gloves unavailable)
MR     .....                    (boots unavailable)
Stlth  +.........               (no amulet)
                                (no ring)
                                (no ring)

@: no status effects
A: unfitting armour, claws 3, fast metabolism 3, gourmand, regeneration 1,
shaggy fur 1, tough skin 2
a: Berserk, Trog's Hand, Burn Spellbooks, Renounce Religion


You were on level 3 of the Dungeon.
You worshipped Trog.
Trog was pleased with you.
You were not hungry.

You visited 1 branch of the dungeon, and saw 3 of its levels.

You collected 144 gold pieces.

Inventory:

Hand Weapons
 a - a +0 mace (weapon)
Armour
 b - a +0 animal skin (worn)
Scrolls
 d - 4 scrolls of identify
 e - 2 scrolls of magic mapping
 i - a scroll of teleportation
 o - a scroll of remove curse
Potions
 l - a potion of might
Books
 n - a book of Minor Magic

   Spells                             Type                      Level
   a - Magic Dart                     Conjuration                  1
   b - Blink                          Translocation                2
   c - Call Imp                       Summoning                    2
   d - Repel Missiles                 Charms/Air                   2
   e - Slow                           Hexes                        2
   f - Conjure Flame                  Conjuration/Fire             3
   g - Mephitic Cloud                 Conjuration/Poison/Air       3
   Trog disapproves of the use of such an item.
Comestibles
 c - 2 bread rations
 j - 3 meat rations
 k - 3 beef jerkies
 m - a slice of pizza


   Skills:
 + Level 3.4 Fighting
 + Level 3.5 Maces & Flails
 + Level 3.2 Dodging
 + Level 0.3 Stealth


You had 4 spell levels left.
You didn't know any spells.

Dungeon Overview and Level Annotations

Branches:
Dungeon (3/15)

Altars:
Ashenzari
Fedhas
Hepliaklqana
Kikubaaqudgha
Sif Muna
The Shining One


Innate Abilities, Weirdness & Mutations

You are too large for most types of armour.
You have claws for hands.
Your metabolism is lightning-fast.
You like to eat raw meat.
Your natural rate of healing is unusually fast.
You are covered in fur. (AC +1)
You have very tough skin. (AC +2)


Message History

The orc priest begins to cast a cantrip, but forgets the words!
The orc barely misses you.
The orc hits you with a whip of electrocution.
You hit the orc priest.
The orc priest is almost dead.
The orc priest begins to cast a cantrip, but forgets the words!
The orc hits you but does no damage. The orc barely misses you.
The orc closely misses you. The orc priest barely misses you.
You hit the orc priest but do no damage.
The orc priest is almost dead.
The orc hits you with a whip of electrocution!
You are electrocuted!
* * * LOW HITPOINT WARNING * * *
The orc hits you with a whip.
* * * LOW HITPOINT WARNING * * *
The orc priest barely misses you.
You barely miss the orc priest.
The orc priest is almost dead.
The orc hits you but does no damage.
You are electrocuted!
You die...

###...##.# #.###.#
#########.....##.# #.# #.#
#.........###.##.# #.# #.#
#........## #..#.# #.# #.###
#........# ##.#.###.# #.#..
#####........# #.#.##..###.#.#
#............#####.#.##.#.......
#..............oo..w.........##.
#.........))..)@o#.#.##.#######.
#...........######.#.##.# #...
#...........# #(#.o..# #.##
#...>######... #.##..## ###.##
#.... ###.# #.##o.####...#.
##### .# #.##o...##.#... #
#.##.##.##.#.## ##
#.##........... ..
.###.........#####


You could see a worm, an orc priest and 2 orcs.

Vanquished Creatures
  Ijyb (D:3)
  3 adders (D:2)
  4 worms
  3 leopard geckos
  7 orcs (D:3)
  A ball python (D:2)
  5 bats
  2 giant cockroaches (D:2)
  9 goblins
  9 hobgoblins
  8 jackals
  3 quokkas
  A frilled lizard (D:3)
  5 kobolds
  A rat (D:3)
62 creatures vanquished.

Notes
Turn   | Place    | Note
-------+----------+-------------------------------------------
     0 | D:1      | Nihil the Troll Berserker began the quest for the Orb.
     0 | D:1      | Reached XP level 1. HP: 22/22 MP: 0/0
   197 | D:1      | You fall through a shaft!
   200 | D:2      | Reached XP level 2. HP: 29/29 MP: 1/1
   251 | D:2      | Reached XP level 3. HP: 25/36 MP: 2/2
   490 | D:2      | Reached ** piety under Trog
   522 | D:2      | Found a deep blue altar of Sif Muna.
   522 | D:2      | Found a faded altar of an unknown god.
   527 | D:2      | Found a shattered altar of Ashenzari.
   529 | D:2      | Found a hazy altar of Hepliaklqana.
   530 | D:2      | Found a glowing golden altar of the Shining One.
   683 | D:3      | Reached XP level 4. HP: 45/45 MP: 3/3
   791 | D:3      | Noticed Ijyb
   801 | D:3      | Killed Ijyb
   899 | D:3      | Found an ancient bone altar of Kikubaaqudgha.
   910 | D:3      | Found a blossoming altar of Fedhas.
  1045 | D:3      | Reached XP level 5. HP: 22/53 MP: 4/4
  1045 | D:3      | HP: 2/53 [orc/whip of electrocution (20)]
  1275 | D:3      | Slain by an orc

Skill      XL: |  1  2  3 |
---------------+----------+-----
Maces & Flails | 3 |  3.5
Fighting       | 3 |  3.4
Dodging        | 3 |  3.2
Stealth        | |  0.3

Action                   |  1- 3 |  4- 6 || total
-------------------------+-------+-------++-------
Melee: Mace              |    86 |   109 ||   195
Invok: Berserk           |       |     1 ||     1
  Use: Scroll            |       |     6 ||     6
       Potion            |       |     2 ||     2
 Stab: Sleeping          |     1 |       ||     1
  Eat: Chunk             |     3 |     8 ||    11
Armor: Animal skin       |    34 |    66 ||   100
Dodge: Dodged            |    57 |   100 ||   157
